 Dungeon Crawl Stone Soup version 0.15.2 (webtiles) character file.

12 glosham the Skirmisher (level 2, 0/31 HPs)
             Began as an Ogre Arcane Marksman on Apr 8, 2017.
             Slain by a kobold
             ... wielding a +0 whip
              (2 damage)
             ... on Level 3 of the Dungeon.
             The game lasted 00:03:32 (149 turns).

glosham the Skirmisher (Ogre Arcane Marksman)        Turns: 149, Time: 00:03:32

HP   0/31        AC  3     Str 15      XL: 2   Next: 33%
MP   3/3         EV 10     Int 12      God:
Gold 4           SH  0     Dex  9      Spells:  1 memorised,  2 levels left

rFire  . . .     SeeInvis .     a - +0 dagger
rCold  . . .     Clarity  .     e - +0 robe
rNeg   . . .     rCorr    .     (shield restricted)
rPois  .         rRot     .     (helmet restricted)
rElec  .         Spirit   .     (no cloak)
SustAb .         Warding  .     (gloves unavailable)
rMut   .         Stasis   .     (boots unavailable)
Gourm  .                        (no amulet)
MR     .....                    (no ring)
                                (no ring)

@: not resistant to hostile enchantments, very unstealthy
A: unfitting armour, tough skin 1
a: no special abilities


You were on level 3 of the Dungeon.
You were not hungry.

You visited 1 branch of the dungeon, and saw 4 of its levels.

You collected 4 gold pieces.

Inventory:

Hand weapons
 a - a +0 dagger (weapon)
Missiles
 b - a large rock (quivered)
 c - a throwing net
Armour
 e - a +0 robe (worn)
Comestibles
 f - a meat ration
 g - 3 bread rations
Scrolls
 h - a scroll of immolation {unknown}
Books
 d - a book of Debilitation

   Spells                             Type                      Level
   *Corona                            Hexes                        1
   Slow                               Hexes                        2
   Inner Flame                        Hexes/Fire                   3
   Enslavement                        Hexes                        4
   Cause Fear                         Hexes                        4
   Leda's Liquefaction                Hexes/Earth                  4


   Skills:
 * Level 3.1 Fighting
 - Level 2.1 Throwing
 - Level 1.7 Dodging
 - Level 1.2 Spellcasting
 - Level 2.1 Hexes


You had 2 spell levels left.
You knew the following spells:

 Your Spells              Type           Power        Failure   Level  Hunger
c - Corona                Hex            #......      14%         1    ##.....


Dungeon Overview and Level Annotations

Branches:
Dungeon (4/15)
 Temple: D:4-7

Altars:

Portals:
Ossuary: D:4


Innate Abilities, Weirdness & Mutations

You are too large for most types of armour.
You have tough skin (AC +1).


Message History

Aim: an adder (entangled in a net)
You throw a large rock.
The large rock hits the adder but does no damage.
The bat barely misses you. x2
The adder struggles to escape the net.
Throwing (i - inventory. (,) - cycle):
b - 2 large rocks (quivered)
Press: ? - help, Shift-Dir - straight line, f/p - adder
Aim: an adder (entangled in a net)
You throw a large rock. The large rock hits the adder!
You kill the adder!
Your Fighting skill increases to level 3!
You have reached level 2!
The bat hits you.
* * * LOW HITPOINT WARNING * * *
The bat barely misses you.
An ogre comes into view. It is wielding a giant club.
A wight comes into view. It is wielding a glowing mace.
The bat hits you.
* * * LOW HITPOINT WARNING * * *
An orc comes into view. It is wielding a club.
The ogre shouts!
The bat hits you but does no damage. The bat barely misses you.
The bat closely misses you. The bat barely misses you.
The bat closely misses you.
Found a stone staircase leading up.
The bat hits you but does no damage. The bat hits you but does no damage.
The bat closely misses you. The bat hits you but does no damage.
A goblin skeleton comes into view.
The bat hits you.
* * * LOW HITPOINT WARNING * * *
The bat hits you but does no damage.
There is a stone staircase leading up here.
The bat closely misses you.
You climb upwards.
The goblin shouts!
A bat and a kobold come into view.
The bat moves out of view.
The kobold hits you with a whip.
You die...

#### .
.#####
....##
#....##
..... ...
#.# #@#
.......K.#
##.?.....
......#.##
###.###.#
..g #.. #
###


You could see a goblin and a kobold.

Vanquished Creatures
  An adder (D:4)
  An ooze (D:2)
  A rat (D:2)
3 creatures vanquished.

Notes
Turn   | Place    | Note
--------------------------------------------------------------
     0 | D:1      | glosham, the Ogre Arcane Marksman, began the quest for the Orb.
     0 | D:1      | Reached XP level 1. HP: 19/19 MP: 2/2
   111 | D:2      | Reached skill level 2 in Fighting
   126 | D:3      | Noticed an orc wizard
   130 | D:4      | Found a sand-covered staircase.
   133 | D:4      | Noticed an orc priest
   137 | D:4      | Reached skill level 3 in Fighting
   137 | D:4      | Reached XP level 2. HP: 4/31 MP: 3/3
   137 | D:4      | HP: 3/31 [bat (1)]
   138 | D:4      | Noticed an ogre
   138 | D:4      | Noticed a wight
   146 | D:4      | HP: 2/31 [bat (1)]
   149 | D:3      | Slain by a kobold

Action                   || total
-------------------------++-------
Melee: Dagger            ||    20
Throw: Large rock        ||     3
       Throwing net      ||     1
 Cast: Corona            ||     3

Table legend:
 A = Turns spent in this place as a percentage of turns spent in the entire game.
 B = Non-inter-level travel turns spent in this place as a percentage of non-inter-level travel turns spent in the entire game.
 C = Inter-level travel turns spent in this place as a percentage of turns spent in this place.
 D = Turns resting spent in this place as a percentage of non-inter-level travel turns spent in this place.
 E = Turns spent auto-exploring this place as a percentage of non-inter-level travel turns spent in this place.
 F = Non-inter-level travel turns spent in this place divided by the number of levels of this place that you've seen.
                   A       B       C       D       E      F
               +-------+-------+-------+-------+-------+----------------------
         Total | 100.0 | 100.0 |   0.0 |   0.0 |   0.0 |  33.0
       Dungeon | 100.0 | 100.0 |   0.0 |   0.0 |   0.0 |  33.0
               +-------+-------+-------+-------+-------+----------------------

Table legend:
 A = Kills in this place as a percentage of kills in entire the game.
 B = Kills by you in this place as a percentage of kills by you in the entire game.
 C = Kills by friends in this place as a percentage of kills by friends in the entire game.
 D = Other kills in this place as a percentage of other kills in the entire game.
 E = Experience gained in this place as a percentage of experience gained in the entire game.
 F = Experience gained in this place divided by the number of levels of this place that you have seen.
                   A       B       C       D       E      F
               +-------+-------+-------+-------+-------+----------------------
         Total | 100.0 | 100.0 |  -nan |  -nan | 100.0 |   4.5
       Dungeon | 100.0 | 100.0 |  -nan |  -nan | 100.0 |   4.5
               +-------+-------+-------+-------+-------+----------------------

Vault maps used:
D:1:      dpeg_arrival_long_road, kennysheep_flooded_box, eino_curves_02,
          kennysheep_doodads
D:2:      lightli_temple_of_fire, old_standard_altar, first_bread,
          kennysheep_generic_room_4
D:3:      kennysheep_the_goblin_king
D:4:      nicolae_tso_carved_into_rock, kennysheep_little_box, enter_ossuary_1
